 Dungeon Crawl Stone Soup version 0.23-a0-261-g133332c (console) character file.

111 bli the Insei (level 4, 0/29 HPs)
             Began as an Octopode Transmuter on Sept 29, 2018.
             Slain by an orc (1 damage)
             ... on level 4 of the Dungeon.
             The game lasted 00:06:30 (2110 turns).

bli the Insei (Octopode Transmuter)                 Turns: 2110, Time: 00:06:31

Health: 0/29       AC:  1    Str: 10    XL:     4   Next: 92%
Magic:  7/7        EV: 13    Int: 15    God:
Gold:   89         SH:  0    Dex: 12    Spells: 6/7 levels left

rFire    . . .     SeeInvis .     - Unarmed
rCold    . . .     Gourm    .   (no shield)
rNeg     . . .     Faith    .   (helmet restricted)
rPois    .         Spirit   .   (no amulet)
rElec    .         Reflect  .   l - ring of protection from magic
rCorr    .         Harm     .   (no ring)
MR       +....                  (no ring)
Stlth    +++.......             (no ring)
HPRegen  0.09/turn              (no ring)
MPRegen  0.10/turn              (no ring)
                                (no ring)
                                (no ring)

@: no status effects
A: almost no armour, stealthy swim, amphibious, 8 rings, constrict 8, camouflage
1, gelatinous body 1
a: no special abilities


You were on level 4 of the Dungeon.
You were not hungry.

You visited 1 branch of the dungeon, and saw 4 of its levels.

You collected 89 gold pieces.

Inventory:

Missiles
 a - 23 arrows
 g - a tomahawk (quivered)
Jewellery
 l - a ring of protection from magic (left tentacle)
Wands
 o - a wand of enslavement (12)
 t - a wand of digging (12)
Scrolls
 h - 4 scrolls of identify {unknown}
 k - a scroll of immolation {unknown}
 m - a scroll of fear {unknown}
 n - 3 scrolls of teleportation {unknown}
 p - a scroll of fog {unknown}
 q - a scroll of magic mapping {unknown}
 r - 5 scrolls of remove curse {unknown}
 s - 3 scrolls of blinking {unknown}
Potions
 b - a potion of degeneration {unknown}
 e - 3 potions of lignification {unknown}
 f - a potion of mutation {unknown}
 i - a potion of brilliance {unknown}
 j - 3 potions of curing {unknown}
Comestibles
 c - 2 rations
 d - 2 chunks of flesh


   Skills:
 * Level 2.1 Fighting
 + Level 2.4 Dodging
 * Level 2.9 Stealth
 + Level 4.2 Unarmed Combat
 - Level 2.0 Spellcasting
 - Level 2.0 Transmutations


You had 6 spell levels left.
You knew the following spells:

 Your Spells              Type           Power        Failure   Level  Hunger
a - Beastly Appendage     Tmut           #.....       10%         1    #......

Your spell library contained the following spells:

 Spells                   Type           Power        Failure   Level  Hunger
 Sticks to Snakes         Tmut           #.......     14%         2    ###....
 Spider Form              Tmut/Pois      #.........   41%         3    ###....
 Ice Form                 Ice/Tmut       #.......     82%         4    #####..
 Blade Hands              Tmut           #.........   95%         5    ######.


Dungeon Overview and Level Annotations

Branches:
Dungeon (4/15)
 Temple: D:4-7

Altars:

Annotations:
D:4 Sigmund


Innate Abilities, Weirdness & Mutations

You cannot wear most types of armour.
You are very stealthy in the water. (Stealth+)
You are amphibious.
You can wear up to eight rings at the same time.
You can use your tentacles to constrict eight enemies at once.
Your skin changes colour to match your surroundings (Stealth+).
Your rubbery body absorbs attacks. (AC +1, EV +1)


Message History

You tentacle-slap the orc. You grab the orc.
The orc is moderately wounded.
You constrict the orc.
You kill the orc!
You constrict the orc. The orc hits you but does no damage.
The orc wizard casts a spell at you. The puff of flame hits you!
* * * LOW HITPOINT WARNING * * *
You release your grip on the orc.
The orc hits you but does no damage.
There is a stone staircase leading down here.
The orc closely misses you. The orc misses you.
The orc wizard casts a spell at you. The magic dart hits you!
* * * LOW HITPOINT WARNING * * *
You climb downwards.
An adder and Sigmund come into view.
Sigmund is wielding a scythe of venom.
Found 8 tomahawks.
There is a stone staircase leading up here.
The orc hits you.
You die...

#...%... #
#...... . ......
# ##. #.... .#
#..##... ..
#.#......###.###
#......(........
#@o.......
#o<.....@.
#.........
#.......#..
............
...S.........
#....####......
#.... .##...
....# .# #..


You could see Sigmund (sleeping), an adder (sleeping) and 2 orcs.

Vanquished Creatures
  Ijyb (D:3)
  2 adders (D:2)
  An ooze (D:1)
  2 worms (D:2)
  4 dart slugs
  A leopard gecko (D:1)
  An orc (D:3)
  A ball python (D:3)
  A giant cockroach (D:1)
  4 goblins
  7 hobgoblins
  4 jackals (D:1)
  7 bats
  3 frilled lizards
  4 kobolds
  6 rats
49 creatures vanquished.

Notes
Turn   | Place    | Note
-------+----------+-------------------------------------------
     0 | D:1      | bli the Octopode Transmuter began the quest for the Orb.
     0 | D:1      | Reached XP level 1. HP: 13/13 MP: 3/3
    65 | D:1      | Reached XP level 2. HP: 4/18 MP: 3/5
    67 | D:1      | Reached skill level 1 in Stealth
   550 | D:1      | Reached XP level 3. HP: 23/23 MP: 6/6
  1347 | D:2      | Reached XP level 4. HP: 29/29 MP: 7/7
  1487 | D:2      | Reached skill level 4 in Unarmed Combat
  2001 | D:3      | Noticed Ijyb
  2018 | D:3      | Killed Ijyb
  2108 | D:3      | HP: 1/29 [orc wizard/magic dart (6)]
  2109 | D:4      | Noticed Sigmund
  2110 | D:4      | Slain by an orc

Vault maps used:
D:1:      mrwooster_arrival_statue_2
D:3:      old_standard_altar, guppyfry_early_lair_pool, uniq_natasha,
          uniq_grinder, uniq_ijyb, uniq_purgy
D:4:      yredelemnul_altar_generic, kennysheep_mini_moat,
          kiku_gazebo_garden_becter, uniq_pikel, uniq_sigmund

Skill      XL: |  1  2  3  4 |
---------------+-------------+-----
Stealth        | 1 2 |  2.9
Unarmed Combat | 4 |  4.2
Fighting       | 2 |  2.1
Dodging        | |  2.4
Spellcasting   | |  2.0
Transmutations | |  2.0

Action                   |  1- 3 |  4- 6 || total
-------------------------+-------+-------++-------
Melee: Unarmed           |    73 |    35 ||   108
       Constrict         |    21 |    11 ||    32
       Tentacles         |    15 |    10 ||    25
       Kick              |    14 |     5 ||    19
       Punch             |     1 |       ||     1
Throw: Tomahawk          |       |     1 ||     1
 Cast: Beastly Appendage |    14 |     5 ||    19
 Stab: Sleeping          |     3 |     2 ||     5
  Eat: Chunk             |     2 |     2 ||     4
Armor: Skin              |     4 |     3 ||     7
Dodge: Dodged            |    62 |    20 ||    82

Table legend:
 A = Non-vault XP
 B = Vault XP
 C = Vault XP percentage of total XP
 D = Non-vault monster count
 E = Vault monster count
 F = Vault count percentage of total count
                 A         B        C        D         E       F
            +---------+---------+-------+---------+---------+-------
      Total |     123 |      36 |  22.6 |      48 |       1 |   2.0
            +---------+---------+-------+---------+---------+-------
        D:1 |      54 |       0 |   0.0 |      28 |       0 |   0.0
        D:2 |      64 |       0 |   0.0 |      18 |       0 |   0.0
        D:3 |       5 |      36 |  87.8 |       2 |       1 |  33.3
            +---------+---------+-------+---------+---------+-------
